 Dungeon Crawl Stone Soup version 0.24-a0-525-g9231cdc (webtiles) character file.

Game seed: 3419920734710346527

111519 cerebotwack the Grappler (level 16, -8/229 HPs)
             Began as a Troll Hunter on July 30, 2019.
             Was a High Priest of Ru.
             Killed from afar by a starcursed mass (13 damage)
             ... with an accursed screaming
             ... on level 3 of the Abyss on July 31, 2019.
             The game lasted 02:48:16 (24268 turns).

cerebotwack the Grappler (Troll Hunter)            Turns: 24268, Time: 02:48:17

Health: -8/229     AC: 28    Str: 34    XL:     16   Next: 9%
Magic:  18/18      EV:  1    Int:  7    God:    Ru [*****.]
Gold:   1427       SH:  0    Dex: 12    Spells: 13/19 levels left

rFire    . . .     SeeInvis .     - Unarmed
rCold    . . .     Gourm    +   (shield unavailable)
rNeg     + + +     Faith    .   (armour currently unavailable)
rPois    +         Spirit   .   (helmet currently unavailable)
rElec    .         Reflect  .   (cloak currently unavailable)
rCorr    .         Harm     +   (gloves unavailable)
MR       +....     Rnd*Rage +   (boots unavailable) Stlth ++........NoTele +
                                L - amulet of harm
HPRegen  0.88/turn              (ring unavailable)
MPRegen  0.16/turn              N - ring of wizardry

@: mighty, tree-form, berserk cooldown, very slightly contaminated, heavily
drained, invisible
A: large, unfitting armour, rugged brown scales 1, thin skeletal structure 1,
berserk 1[+2], deterioration 1, fast metabolism 3, frail 1, gourmand, low mp 1,
regeneration 1, inability to drink while threatened, missing a hand,
inexperienced 1
a: Sacrifice Health, Sacrifice an Eye, Sacrifice Stealth, Reject Sacrifices,
Draw Out Power, Power Leap, Apocalypse, Renounce Religion


You were on level 3 of the Abyss.
You worshipped Ru.
Ru was extremely pleased with you.
You were not hungry.
You were a tree.
You visited 6 branches of the dungeon, and saw 26 of its levels.
You visited the Abyss 1 time.
You also visited: Sewer, Ossuary, Bailey and Volcano.

You collected 2893 gold pieces.
You spent 1466 gold pieces at shops.

Inventory:

Hand Weapons
 P - a +0 demon whip
Missiles
 c - 21 large rocks (quivered)
 d - 8 throwing nets
Armour
 e - +0 ice dragon scales
 h - the +1 cloak of Dithmenos's Generosity (melded) {rElec rPois rC++ Stlth+}
   (You acquired it on level 10 of the Dungeon)

   It greatly protects you from cold.
   It insulates you from electricity.
   It protects you from poison.
   It makes you more stealthy.
 k - the +2 cloak of Vampiric Thralls {rF+ Str+2}
   (You found it on level 2 of the Abyss)

   It affects your strength (+2).
   It protects you from fire.
 T - the +3 crown of Dyrovepreva (melded) {rElec Int+2 SInv}
   (You acquired it on level 14 of the Dungeon)

   It affects your intelligence (+2).
   It insulates you from electricity.
   It lets you see invisible.
 V - +2 fire dragon scales (melded)
Jewellery
 j - a +4 ring of slaying {unknown}
 B - a +3 ring of protection
 L - an amulet of harm (around neck)
 N - a ring of wizardry (right branch)
 S - an uncursed ring of flight
Wands
 i - a wand of enslavement (6)
 q - a wand of iceblast (42)
 z - a wand of clouds (6)
 A - a wand of digging (14)
 C - a wand of polymorph (27)
 R - a wand of acid (6)
 U - a wand of paralysis (29)
 Y - a wand of disintegration (33)
 Z - a wand of flame (23)
Scrolls
 a - 4 scrolls of immolation
 g - 13 scrolls of magic mapping
 l - 3 scrolls of enchant armour
 m - 15 scrolls of remove curse
 o - 4 scrolls of blinking
 p - 4 scrolls of vulnerability
 w - 3 scrolls of fear
 x - 12 scrolls of teleportation
 y - 8 scrolls of enchant weapon
 D - 6 scrolls of identify
 H - 4 scrolls of amnesia
 M - a scroll of holy word
 O - 2 scrolls of summoning
Potions
 r - 4 potions of might
 s - 6 potions of curing
 t - 8 potions of flight
 v - 3 potions of resistance
 F - 2 potions of magic
 G - 2 potions of agility
 I - 2 potions of cancellation
 J - 3 potions of haste
 Q - 4 potions of brilliance
 X - 2 potions of invisibility
Miscellaneous
 b - a fan of gales
 E - a crystal ball of energy
 K - 2 sacks of spiders
Comestibles
 f - 62 rations


   Skills:
 + Level 11.8(10.4) Fighting
 + Level 5.8(4.6) Throwing
 + Level 9.9(8.5) Armour
 + Level 9.7(8.3) Dodging
 - Level 0.3(0.0) Stealth
 - Level 13.2(11.7) Unarmed Combat
 - Level 2.0(0.9) Spellcasting
 - Level 2.4(1.3) Transmutations
 - Level 2.7(1.6) Earth Magic
 - Level 8.0(6.7) Evocations


You had 13 spell levels left.
You knew the following spells:

 Your Spells              Type           Power        Failure   Level  Hunger
a - Statue Form           Tmut/Erth      #........    100%        6    #######

Your spell library contained the following spells:

 Spells                   Type           Power        Failure   Level  Hunger
 Sandblast                Erth           #.....       9%          1    ##.....
 Passwall                 Tmut/Erth      #.......     14%         2    ###....
 Animate Skeleton         Necr           N/A          17%         1    ##.....
 Apportation              Tloc           #.....       17%         1    ##.....
 Confusing Touch          Hex            #.....       17%         1    ##.....
 Freeze                   Ice            #...         17%         1    ##.....
 Sting                    Conj/Pois      #...         17%         1    ##.....
 Summon Small Mammal      Summ           #...         17%         1    ##.....
 Call Imp                 Summ           #.......     26%         2    ###....
 Poisonous Vapours        Pois/Air       #.....       26%         2    ###....
 Throw Frost              Conj/Ice       #.....       26%         2    ###....
 Stone Arrow              Conj/Erth      #.....       34%         3    ####...
 Call Canine Familiar     Summ           #.......     45%         3    ####...
 Mephitic Cloud           Conj/Pois/Air  #.......     45%         3    ####...
 Ozocubu's Armour         Chrm/Ice       #.......     45%         3    ####...
 Summon Guardian Golem    Hex/Summ       #.......     45%         3    ####...
 Petrify                  Tmut/Erth      #.......     63%         4    #####..
 Olgreb's Toxic Radiance  Pois           #.......     83%         4    #####..
 Summon Ice Beast         Ice/Summ       #.......     83%         4    #####..
 Summon Lightning Spire   Summ/Air       #.......     83%         4    #####..
 Throw Icicle             Conj/Ice       #.......     83%         4    #####..
 Lee's Rapid Deconstruct  Erth           #.........   90%         5    ######.
 Irradiate                Conj/Tmut      #.........   96%         5    ######.
 Venom Bolt               Conj/Pois      #.........   99%         5    ######.
 Hydra Form               Tmut           #.........   100%        6    #######
 Dragon Form              Tmut           #.........   100%        7    #######


Dungeon Overview and Level Annotations

Branches:
Dungeon (15/15)            Temple (1/1) D:4            Lair (6/6) D:11
  Swamp (0/4) Lair:4       Spider (1/4) Lair:4        Slime (0/5) Lair:6
    Orc (2/2) D:11            Elf (1/3) Orc:2        Vaults (0/5) D:13
 Depths (0/5) D:15

Altars:
Ashenzari
Cheibriados
Dithmenos
Elyvilon
Fedhas
Gozag
Hepliaklqana
Kikubaaqudgha
Makhleb
Nemelex Xobeh
Okawaru
Qazlal
Ru
Sif Muna
Trog
Uskayaw
Vehumet
Wu Jian
Xom
Yredelemnul
Zin
The Shining One

Shops:
D:9 [   D:13 *   D:14 }   Orc:2 =?%*

Portals:
Trove: D:12 (give +3 storm dragon scales)

Annotations:
Spider:1 Agnes


Innate Abilities, Weirdness & Mutations

You are too large for most types of armour.
((You have claws for hands.))
Your metabolism is lightning-fast.
You like to eat raw meat.
Your natural rate of healing is unusually fast.
((You are covered in fur. (AC +1)))
((You have extremely tough skin. (AC +3)))
You cannot drink potions while threatened.
You are missing a hand.
You are somewhat inexperienced. (-2 XL)
(You are partially covered in rugged brown scales. (AC +1, +3% HP))
You have a somewhat thin skeletal structure. (Dex +2, Stealth)
Your body sometimes deteriorates upon taking damage.
You are frail. (-10% HP)
Your magical capacity is low. (-10% MP)
[You have an uncontrollable temper.]


Message History

You can drink potions again.
You feel very mighty all of a sudden. The starcursed mass barely misses you.
The cacodemon gestures at you. You resist with significant effort.
Really quaff the potion of lignification?
You turn into a tree.
The +1 cloak of Dithmenos's Generosity {rElec rPois rC++ Stlth+} melds into your body.
The +3 crown of Dyrovepreva {rElec Int+2 SInv} melds into your body.
Your +2 fire dragon scales melds into your body.
Your roots penetrate the ground.
You feel strangely stable.
The starcursed mass engulfs you but does no damage.
The cacodemon gestures at you.
Strange energies course through your body.
You feel extremely angry at everything!
A deafening chorus of shrieks assaults your mind!
* * * LOW HITPOINT WARNING * * *
You fade into invisibility!
You feel less exhausted.
A cacophony of accursed wailing tears at your sanity!
You die...

.. ##.. # ...
#. # ..... #
..# ..#. .. .
#..####.###..#
..
#.#.#.##......
#.. #...#.♣..#
..#.. #.XXX# .
...#.D#.#X####
D
#.#2####.X..#
. #.##.#.D#XXX
## ........#
.#....
..#....###.X.#
..# #. #.##
....### X# #
#. #...# .#.


You could see a bone dragon, 8 starcursed masses and a cacodemon.

Vanquished Creatures
  A tentacled monstrosity (Abyss:2)
  2 tentacled starspawn (Abyss:3)
  Gastronok (Lair:3)
  Kirke (D:12)
  A balrug (Abyss:2)
  A cacodemon (Abyss:2)
  A war gargoyle (D:14)
  A stone giant (D:14)
  Nessos (D:14)
  The ghost of Xiagh the Blocker, a journeyman DrFi of Hepliaklqana (D:15)
  2 fire dragons
  Fannar (Lair:3)
  A rakshasa (Abyss:2)
  Harold (D:7)
  An ice dragon (D:15)
  4 hydras
  3 centaur warriors
  2 catoblepae
  4 two-headed ogres
  2 tengu warriors (D:15)
  6 death yaks (Lair:4)
  Sonja (D:13)
  A thrashing horror (Abyss:2)
  A sun demon (Abyss:2)
  A sixfirhy (Abyss:3)
  5 skeletal warriors
  5 wretched stars
  A swamp dragon (Lair:6)
  2 unseen horrors
  A flayed ghost (D:14)
  A glowing orange brain (shapeshifter) (D:14)
  2 wizards
  8 orc knights
  A wolf spider zombie (D:13)
  A deep elf mage (D:14)
  4 oklob plants (Lair:6)
  3 ugly things
  A wolf spider (Lair:3)
  3 cyclopes
  A worldbinder (Abyss:3)
  A manticore (D:13)
  5 elephants (Lair:6)
  An apocalypse crab (Abyss:3)
  A black mamba (Lair:4)
  2 gargoyles
  4 smoke demons
  2 centaur zombies
  Joseph (D:7)
  2 torpor snails
  4 komodo dragons
  19 spiny frogs
  2 rime drakes
  3 centaur skeletons
  A tormentor (Abyss:3)
  2 ancient zymes
  An efreet (D:15)
  8 trolls
  A queen bee (D:14)
  4 meliai (D:14)
  9 polar bears (Lair:6)
  10 slime creatures
  Grinder (D:4)
  A hornet (D:14)
  5 jumping spiders (Lair:4)
  Prince Ribbit (D:5)
  2 bog bodies (Lair:4)
  4 large abominations
  3 blink frogs (Lair:6)
  2 raiju
  12 hippogriffs
  2 vampires
  A ynoxinul (Abyss:2)
  4 water elementals
  A wraith (Ossuary)
  Eustachio (D:5)
  A hog (D:12)
  4 wyverns
  4 redbacks (Lair:4)
  A spriggan (D:8)
  A golden eye (shapeshifter) (D:15)
  2 basilisks
  38 yaks
  4 hungry ghosts
  A vampire mosquito (D:14)
  12 wargs
  3 soldier ants
  14 hell hounds (Lair:6)
  4 acid dragons
  4 porcupines
  14 water moccasins
  3 swamp drakes (Lair:6)
  32 orc warriors
  3 sky beasts
  11 black bears (Lair:6)
  2 eyes of draining
  4 ice beasts
  3 phantoms
  21 centaurs
  18 ogres
  13 wolves (Lair:6)
  2 necrophages
  5 big kobolds
  14 crocodiles
  A gnoll sergeant (D:7)
  6 small abominations
  12 bullfrogs
  A wyvern zombie (D:10)
  A wyvern skeleton (D:9)
  4 scorpions
  33 killer bees
  16 wights
  5 howler monkeys
  6 electric eels
  2 bullfrog zombies
  9 crimson imps
  A human zombie (Ossuary)
  23 starcursed masses
  7 hounds
  2 jellies
  3 bullfrog skeletons
  15 orc priests
  4 iguanas
  14 worker ants
  Ijyb (D:4)
  15 orc wizards
  A killer bee zombie (D:7)
  5 hound zombies
  3 mummies (Ossuary)
  A hound skeleton (D:7)
  2 worker ant zombies
  11 gnolls
  17 adders
  4 shadow imps
  A white imp (Abyss:2)
  2 ufetubi
  5 oozes
  3 adder skeletons
  3 worms
  4 dart slugs
  8 leopard geckos
  67 orcs
  4 ball pythons
  11 bats
  5 giant cockroaches
  7 hobgoblins
  12 jackals
  29 kobolds
  A ball python zombie (D:5)
  7 frilled lizards
  16 goblins
  3 goblin zombies (Ossuary)
  3 hobgoblin zombies (Ossuary)
  3 kobold zombies (Ossuary)
  An orc zombie (Ossuary)
  A quokka skeleton (D:9)
  9 rats
  8 plants
  A starspawn tentacle (Abyss:3)
881 creatures vanquished.

Vanquished Creatures (others)
  A catoblepas (D:10)
  A centaur warrior (Volcano)
  A human (D:12)
  An ogre (Orc:1)
  A crocodile (D:14)
  A scorpion (D:8)
  3 killer bees (D:14)
  A quasit (D:12)
  An adder (Lair:3)
  2 orcs
  A kobold (Bailey)
  A bush (Lair:3)
  5 fungi
  12 plants
  4 starspawn tentacles (Abyss:3)
36 creatures vanquished.

Grand Total: 917 creatures vanquished

Notes
Turn   | Place    | Note
-------+----------+-------------------------------------------
     0 | D:1      | cerebotwack the Troll Hunter began the quest for the Orb.
     0 | D:1      | Reached XP level 1. HP: 19/19 MP: 0/0
    29 | D:1      | Reached skill level 1 in Unarmed Combat
    86 | D:1      | Reached XP level 2. HP: 23/27 MP: 1/1
   227 | D:1      | Reached skill level 2 in Unarmed Combat
   673 | D:2      | Reached XP level 3. HP: 29/33 MP: 2/2
   699 | D:2      | Reached skill level 3 in Unarmed Combat
   753 | D:2      | Reached XP level 4. HP: 15/41 MP: 3/3
   942 | D:2      | Reached skill level 4 in Unarmed Combat
  1289 | D:2      | Found an ancient bone altar of Kikubaaqudgha.
  1497 | D:3      | Found a basalt altar of Yredelemnul.
  1501 | D:3      | Found a glowing drain.
  1523 | Sewer    | Entered a sewer
  1658 | Sewer    | Noticed a big kobold
  1675 | Sewer    | Killed a big kobold
  1675 | Sewer    | Reached skill level 5 in Unarmed Combat
  1675 | Sewer    | Reached XP level 5. HP: 39/48 MP: 4/4
  1714 | Sewer    | Reached XP level 6. HP: 51/55 MP: 5/5
  1723 | Sewer    | Reached skill level 6 in Unarmed Combat
  1975 | D:3      | Found a radiant altar of Vehumet.
  2082 | D:3      | Reached skill level 7 in Unarmed Combat
  3067 | D:4      | Reached XP level 7. HP: 61/62 MP: 6/6
  3186 | D:4      | Found a staircase to the Ecumenical Temple.
  3200 | Temple   | Entered the Ecumenical Temple
  3352 | Temple   | Became a worshipper of Ru the Awakened
  3431 | D:4      | Found a bloodstained altar of Trog.
  3453 | D:4      | Noticed Ijyb
  3477 | D:4      | Killed Ijyb
  3690 | D:4      | Noticed Grinder
  3695 | D:4      | Killed Grinder
  3695 | D:4      | Reached skill level 8 in Unarmed Combat
  3758 | D:5      | Entered Level 5 of the Dungeon
  3794 | D:5      | Noticed Eustachio
  3827 | D:5      | Killed Eustachio
  3827 | D:5      | Reached skill level 9 in Unarmed Combat
  4013 | D:5      | Reached XP level 8. HP: 58/70 MP: 7/7
  4124 | D:5      | Got a faintly humming plate armour
  4138 | D:5      | Reached skill level 10 in Unarmed Combat
  4166 | D:5      | Found a blossoming altar of Fedhas.
  4335 | D:5      | Noticed Prince Ribbit
  4343 | D:5      | Killed Prince Ribbit
  4673 | D:6      | Reached skill level 11 in Unarmed Combat
  4932 | D:6      | Reached XP level 9. HP: 76/76 MP: 8/8
  4962 | D:6      | Found a sand-covered staircase.
  4978 | Ossuary  | Entered an ossuary
  5081 | Ossuary  | Gained mutation: You are somewhat inexperienced. (-2 XL)
                  | [Ru sacrifice]
  5081 | Ossuary  | Reached XP level 8. HP: 69/70 MP: 7/7
  5081 | Ossuary  | Reached XP level 7. HP: 62/62 MP: 6/6
  5081 | Ossuary  | Reached * piety under Ru
  5081 | Ossuary  | Reached ** piety under Ru
  5135 | Ossuary  | Noticed a wraith
  5140 | Ossuary  | Killed a wraith
  5140 | Ossuary  | Reached skill level 1 in Shields
  5702 | D:7      | Reached XP level 8. HP: 70/70 MP: 7/7
  5926 | D:7      | Noticed Harold
  5945 | D:7      | Killed Harold
  5945 | D:7      | Reached skill level 12 in Unarmed Combat
  5945 | D:7      | Reached XP level 9. HP: 69/76 MP: 8/8
  5983 | D:7      | Noticed Joseph
  5995 | D:7      | Killed Joseph
  6069 | D:7      | Reached skill level 5 in Dodging
  6968 | D:8      | Found a flagged portal.
  6977 | D:8      | Got a steaming long sword
  7083 | Bailey   | Entered a bailey
  7089 | Bailey   | Noticed an orc knight
  7089 | Bailey   | Noticed an orc knight
  7097 | Bailey   | Noticed an orc knight
  7122 | Bailey   | Killed an orc knight
  7122 | Bailey   | Reached skill level 5 in Shields
  7139 | Bailey   | Reached XP level 10. HP: 29/85 MP: 9/9
  7205 | Bailey   | Gained mutation: You cannot drink potions while threatened.
                  | [Ru sacrifice]
  7205 | Bailey   | Reached *** piety under Ru
  7231 | Bailey   | Identified the +7 rapier of Blood-Lust {pierce, Str+2 SInv}
  7238 | Bailey   | Killed an orc knight
  7306 | Bailey   | Killed an orc knight
  7534 | D:8      | Found a shattered altar of Ashenzari.
  7752 | D:8      | Found a sparkling altar of Nemelex Xobeh.
  7752 | D:8      | Found an opulent altar of Gozag.
  7855 | D:9      | Found Garoathe's Antique Armour Shoppe.
  7859 | D:9      | Noticed a two-headed ogre
  7948 | D:8      | Killed a two-headed ogre
  8054 | D:9      | Bought a slimy robe for 96 gold pieces
  8054 | D:9      | Bought an embroidered scarf for 136 gold pieces
  8085 | D:9      | Identified the cursed +0 robe "Uddumn" {Int+4} (You bought
                  | it in a shop on level 9 of the Dungeon)
  8202 | D:9      | Reached XP level 11. HP: 62/92 MP: 10/10
  8465 | D:10     | Entered Level 10 of the Dungeon
  8981 | D:10     | Noticed a centaur warrior
  8992 | D:10     | Killed a centaur warrior
  9065 | D:10     | Reached skill level 13 in Unarmed Combat
  9093 | D:10     | Identified a scroll of acquirement
  9103 | D:10     | Gained mutation: You are missing a hand. [Ru sacrifice]
  9103 | D:10     | Reached **** piety under Ru
  9103 | D:10     | Reached ***** piety under Ru
  9118 | D:10     | Noticed a catoblepas
  9123 | D:10     | Killed a catoblepas
  9170 | D:10     | Got a bloodstained cloak
  9181 | D:10     | Identified the +1 cloak of Dithmenos's Generosity {rElec
                  | rPois rC++ Stlth+} (You acquired it on level 10 of the
                  | Dungeon)
  9500 | D:11     | Found a staircase to the Lair.
  9758 | D:11     | Found a staircase to the Orcish Mines.
  9764 | D:11     | Reached skill level 1 in Armour
 10091 | D:11     | Found a shimmering altar of Xom.
 10291 | Lair:1   | Entered Level 1 of the Lair of Beasts
 10870 | Lair:1   | Gained mutation: Potions are less effective at restoring
                  | your health. [potion of mutation]
 10870 | Lair:1   | Gained mutation: You expend magic power (3 MP) to
                  | strengthen your wands. [potion of mutation]
 10870 | Lair:1   | Gained mutation: You are partially covered in rugged brown
                  | scales. (AC +1, +3% HP) [potion of mutation]
 10871 | Lair:1   | Lost mutation: You expend magic power (3 MP) to strengthen
                  | your wands. [potion of mutation]
 10871 | Lair:1   | Lost mutation: Potions are less effective at restoring your
                  | health. [potion of mutation]
 10871 | Lair:1   | Gained mutation: You are dopey. (Int -2) [potion of
                  | mutation]
 10871 | Lair:1   | Gained mutation: You passively map a small area around you.
                  | [potion of mutation]
 10872 | Lair:1   | Lost mutation: You are dopey. (Int -2) [potion of mutation]
 10872 | Lair:1   | Lost mutation: You passively map a small area around you.
                  | [potion of mutation]
 10872 | Lair:1   | Gained mutation: You heal very quickly. [potion of
                  | mutation]
 10872 | Lair:1   | Gained mutation: You occasionally shout uncontrollably at
                  | your foes. [potion of mutation]
 10872 | Lair:1   | Gained mutation: You have large cloven feet. [potion of
                  | mutation]
 10873 | Lair:1   | Lost mutation: You occasionally shout uncontrollably at
                  | your foes. [potion of mutation]
 10873 | Lair:1   | Lost mutation: You have large cloven feet. [potion of
                  | mutation]
 10873 | Lair:1   | Gained mutation: Armour fits poorly on your strangely
                  | shaped body. [potion of mutation]
 10873 | Lair:1   | Gained mutation: Your movements are slightly less
                  | encumbered by armour. (ER -2) [potion of mutation]
 11304 | Lair:2   | Reached XP level 12. HP: 103/103 MP: 11/11
 11368 | Lair:2   | Noticed a five-headed hydra
 11379 | Lair:2   | Killed a ten-headed hydra
 11450 | Lair:2   | Reached skill level 5 in Armour
 12223 | Lair:3   | Noticed Gastronok
 12236 | Lair:3   | Killed Gastronok
 12736 | Lair:3   | Noticed Fannar
 12742 | Lair:3   | Killed Fannar
 13207 | Lair:4   | Reached skill level 1 in Evocations
 13219 | Lair:4   | Found a hole to the Spider Nest.
 13276 | Lair:4   | Found a staircase to the Swamp.
 13479 | Lair:4   | Noticed a death yak
 13479 | Lair:4   | Noticed a death yak
 13480 | Lair:4   | Noticed a death yak
 13480 | Lair:4   | Noticed a death yak
 13481 | Lair:4   | Noticed a death yak
 13481 | Lair:4   | Noticed a death yak
 13482 | Lair:4   | Killed a death yak
 13482 | Lair:4   | Reached XP level 13. HP: 109/109 MP: 12/14
 13566 | Lair:4   | Reached skill level 5 in Evocations
 14159 | Lair:5   | Lost mutation: Armour fits poorly on your strangely shaped
                  | body. [potion of mutation]
 14159 | Lair:5   | Lost mutation: You are partially covered in rugged brown
                  | scales. (AC +1, +3% HP) [potion of mutation]
 14159 | Lair:5   | Lost mutation: You heal very quickly. [potion of mutation]
 14159 | Lair:5   | Gained mutation: You have large cloven feet. [potion of
                  | mutation]
 14159 | Lair:5   | Gained mutation: You are occasionally teleported next to
                  | monsters. [potion of mutation]
 14159 | Lair:5   | Gained mutation: Your system is resistant to poisons.
                  | (rPois) [potion of mutation]
 14160 | Lair:5   | Lost mutation: You are occasionally teleported next to
                  | monsters. [potion of mutation]
 14160 | Lair:5   | Lost mutation: Your system is resistant to poisons. (rPois)
                  | [potion of mutation]
 14160 | Lair:5   | Lost mutation: You have large cloven feet. [potion of
                  | mutation]
 14160 | Lair:5   | Lost mutation: Your movements are slightly less encumbered
                  | by armour. (ER -2) [potion of mutation]
 14160 | Lair:5   | Gained mutation: You are dopey. (Int -2) [potion of
                  | mutation]
 14160 | Lair:5   | Gained mutation: You are very dopey. (Int -4) [potion of
                  | mutation]
 14160 | Lair:5   | Gained mutation: You are covered in thick fur. (AC +2)
                  | [potion of mutation]
 14241 | Lair:5   | Lost mutation: You are very dopey. (Int -4) [potion of
                  | mutation]
 14241 | Lair:5   | Lost mutation: You are dopey. (Int -2) [potion of mutation]
 14241 | Lair:5   | Lost mutation: You are covered in thick fur. (AC +2)
                  | [potion of mutation]
 14241 | Lair:5   | Gained mutation: You are partially covered in rugged brown
                  | scales. (AC +1, +3% HP) [potion of mutation]
 14241 | Lair:5   | Gained mutation: You are frail. (-10% HP) [potion of
                  | mutation]
 14241 | Lair:5   | Gained mutation: You have a somewhat thin skeletal
                  | structure. (Dex +2, Stealth) [potion of mutation]
 14755 | Lair:6   | Entered Level 6 of the Lair of Beasts
 15500 | Lair:6   | Reached XP level 14. HP: 62/115 MP: 19/19
 15505 | Lair:6   | Reached skill level 5 in Fighting
 15807 | Lair:6   | Found a staircase to the Slime Pits.
 16591 | D:12     | You fall into a shaft and drop 1 floor!
 16795 | D:13     | Found a gate to the Vaults.
 16904 | D:13     | You fall into a shaft and drop 1 floor!
 17076 | D:14     | Noticed a war gargoyle
 17080 | D:14     | Killed a war gargoyle
 17509 | D:14     | Noticed a stone giant
 17520 | D:14     | Killed a stone giant
 17520 | D:14     | Reached skill level 10 in Fighting
 17755 | D:14     | Found Pavuhe's Gadget Emporium.
 17774 | D:14     | Noticed Nessos
 17780 | D:14     | Killed Nessos
 17807 | D:14     | Bought a wand of disintegration (17) for 336 gold pieces
 17807 | D:14     | Bought a wand of paralysis (9) for 176 gold pieces
 17807 | D:14     | Bought a wand of digging (4) for 256 gold pieces
 17938 | D:14     | Found the +3 crown of Dyrovepreva {rElec Int+2 SInv}
 18498 | D:14     | Upgraded the game from 0.24-a0-524-gf43b32f to
                  | 0.24-a0-525-g9231cdc
 18617 | D:15     | Entered Level 15 of the Dungeon
 18640 | D:14     | Reached XP level 15. HP: 129/141 MP: 20/20
 19057 | D:12     | Noticed Kirke
 19072 | D:12     | Killed Kirke
 19373 | D:12     | Found a portal to a secret trove of treasure.
 19733 | D:13     | Learned a level 6 spell: Statue Form
 19930 | D:13     | Noticed Sonja
 19948 | D:13     | Killed Sonja
 20076 | D:13     | Found Fuusokaph's Blood Bar.
 20249 | D:15     | Reached skill level 1 in Transmutations
 20353 | D:15     | Found a staircase to the Depths.
 20360 | D:15     | Reached skill level 1 in Spellcasting
 20360 | D:15     | Reached skill level 1 in Earth Magic
 21017 | D:15     | Found a large runed translucent door.
 21017 | D:15     | Found a large runed translucent door.
 21021 | D:15     | Noticed Xiagh's ghost (journeyman DrFi)
 21035 | D:15     | Killed Xiagh's ghost
 21262 | Orc:1    | Entered Level 1 of the Orcish Mines
 21462 | Orc:1    | Found a dark tunnel.
 21471 | Volcano  | Entered a volcano
 21873 | Orc:2    | Entered Level 2 of the Orcish Mines
 22120 | Orc:2    | Found a staircase to the Elven Halls.
 22300 | Orc:2    | Found Ifucrygi's Food Shop.
 22300 | Orc:2    | Found Ymocaemy's Magic Scroll Emporium.
 22302 | Orc:2    | Found Sayhug's Jewellery Shoppe.
 22304 | Orc:2    | Found Jegeschicw's Assorted Antiques.
 22311 | Orc:2    | Bought a scroll of blinking for 112 gold pieces
 22311 | Orc:2    | Bought a scroll of teleportation for 45 gold pieces
 22311 | Orc:2    | Bought a scroll of teleportation for 45 gold pieces
 22311 | Orc:2    | Bought a scroll of remove curse for 45 gold pieces
 22311 | Orc:2    | Bought a scroll of teleportation for 45 gold pieces
 22314 | Orc:2    | Bought a potion of heal wounds for 145 gold pieces
 22314 | Orc:2    | Bought a wand of flame (10) for 29 gold pieces
 23067 | Elf:1    | Entered Level 1 of the Elven Halls
 23339 | Spider:1 | Entered Level 1 of the Spider Nest
 23339 | Spider:1 | Noticed Agnes
 23350 | Spider:1 | Cast into level 2 of the Abyss (Agnes)
 23389 | Abyss:2  | Got a spiked cloak
 23390 | Abyss:2  | Identified the +2 cloak of Vampiric Thralls {rF+ Str+2}
                  | (You found it on level 2 of the Abyss)
 23451 | Abyss:2  | Gained mutation: Your magical capacity is low. (-10% MP) [a
                  | cacodemon]
 23453 | Abyss:2  | Gained mutation: Your body sometimes deteriorates upon
                  | taking damage. [a cacodemon]
 23462 | Abyss:2  | HP: 2/143 [wretched star/orb of energy (32)]
 23708 | Abyss:2  | Reached skill level 5 in Throwing
 23741 | Abyss:2  | Noticed a tentacled monstrosity
 23742 | Abyss:2  | Noticed an Executioner
 23742 | Abyss:2  | Noticed a bone dragon
 23757 | Abyss:2  | Killed a tentacled monstrosity
 24001 | Abyss:3  | Found a shimmering altar of Xom.
 24015 | Abyss:3  | Paralysed by accursed screaming for 1 turns
 24154 | Abyss:3  | Noticed a tentacled starspawn
 24167 | Abyss:3  | Killed a tentacled starspawn
 24167 | Abyss:3  | Reached XP level 16. HP: 35/153 MP: 18/18
 24183 | Abyss:3  | Noticed a tentacled starspawn
 24201 | Abyss:3  | Killed a tentacled starspawn
 24246 | Abyss:3  | Noticed a bone dragon
 24252 | Abyss:3  | HP: 6/153 [starcursed mass/accursed screaming (9)]
 24257 | Abyss:3  | HP: 5/153 [bone dragon (14)]
 24267 | Abyss:3  | Gained mutation: [You have an uncontrollable temper.] [a
                  | cacodemon]
 24267 | Abyss:3  | HP: 4/229 [starcursed mass/accursed screaming (14)]
 24268 | Abyss:3  | Killed from afar by a starcursed mass

Levels and vault maps discovered:
D:1:      ncdulo_wetmaze, layout_loops_ring
D:2:      layout_loops_cross, marbit_many_paths, first_ration,
          minmay_misc_feat_iff, minmay_curled_crystal, minmay_distorted
D:3:      layout_basic, lemuel_crystal_altar, cheibrodos_sewer_entry_drain,
          lemuel_altar_in_water
D:4:      kennysheep_the_goblin_king, layout_basic,
          minmay_temple_entry_offerings, chequers_decorated_corner, trog_book,
          uniq_grinder
D:5:      layout_loops_ring, kennysheep_mini_moat, kennysheep_crisscross,
          uniq_eustachio, uniq_prince_ribbit1
D:6:      layout_basic, nicolae_ossuary_entry_false_entrances
D:7:      layout_loops_corners, uniq_joseph, uniq_harold
D:8:      layout_cave_pods, grunt_temple_overflow_opulence, lemuel_doored_altar,
          enter_bailey_8, the_bakery
D:9:      layout_rooms, serial_shops, shop, chequers_serial_rivers_small_b
D:10:     layout_loops_ring, evilmike_minifort
D:11:     layout_irregular_city, lair_entry_dummy, minmay_orc_entry_guard_dogs,
          lemuel_statue_altar
D:12:     layout_stronghold, nicolae_trove_entry_crystal,
          hangedman_abyss_or_decor_stabs, minmay_quadrilaterals, uniq_kirke
D:13:     layout_basic, david_vaults_1, guppyfry_shop_blood, uniq_sonja
D:14:     regret_index_bee_streams, layout_basic, roderic_roman_lattice,
          serial_shops, shop, uniq_nessos
D:15:     grunt_enter_depths_hoard, layout_irregular_city,
          ebering_ghost_disaster_area, minmay_misc_feat_roman
Temple:   nicolae_temple_elliptical
Lair:1:   layout_cave_pods
Lair:2:   layout_gridlike, serial_bayou_shore_a
Lair:3:   minmay_lair_venomous_thicket, layout_gridlike, beast_lair_carwin_9,
          uniq_fannar, uniq_gastronok
Lair:4:   layout_concentric_octagons, skrybe_swamp_entry_bodies,
          nicolae_spider_entry_tight_spaces
Lair:5:   layout_cave_pods
Lair:6:   guppyfry_lair_end_dragon, layout_cave_pods,
          hangedman_lair_caniforms_friends, minmay_slime_entry_oklob_open
Spider:1: layout_chambers, uniq_donald, uniq_agnes
Orc:1:    layout_caves, nicolae_volcano_entry_hallway
Orc:2:    st_orc_rangers, layout_caves, nicolae_orc_crystal_geode
Elf:1:    layout_loops_corners, minmay_elf_annihilation,
          small_statue_intersection, grunt_megastairs_4, uniq_nikola
Abyss:3:  bh_abyss_xom_lugonu_altar

Skill      XL: |  1  2  3  4  5  6  7  8  9 10 11 12 13 14 15 |
---------------+----------------------------------------------+-----
Unarmed Combat | 1 2 3 5 7 9 12 13 | 13.2
Dodging        | 2 4 5 7 8 9 |  9.7
Shields        | 2 4 5 6 0 |  0.0
Armour         | 4 9 |  9.9
Evocations     | 3 8 |  8.0
Fighting       | 4 10 11 | 11.8
Transmutations | 2 |  2.4
Spellcasting   | 2 |  2.0
Earth Magic    | 2 |  2.7
Throwing       | 5 |  5.8
Stealth        | |  0.3

Action                   |  1- 3 |  4- 6 |  7- 9 | 10-12 | 13-15 | 16-18 || total
-------------------------+-------+-------+-------+-------+-------+-------++-------
Melee: Unarmed           |    82 |   222 |   383 |   666 |  1357 |    24 ||  2734
       Short sword       |     5 |       |       |       |       |       ||     5
       Punch             |       |     5 |     4 |       |       |       ||     9
Throw: Large rock        |     2 |       |     2 |       |     5 |       ||     9
Invok: Sacrifice Experie |       |       |     1 |       |       |       ||     1
       Draw Out Power    |       |       |       |     7 |    14 |     1 ||    22
       Sacrifice Drink   |       |       |       |     1 |       |       ||     1
       Reject Sacrifices |       |       |       |     1 |     1 |       ||     2
       Sacrifice a Hand  |       |       |       |     1 |       |       ||     1
       Power Leap        |       |       |       |     1 |     1 |       ||     2
       Apocalypse        |       |       |       |       |     9 |     1 ||    10
 Abil: Evoke Flight      |       |       |     1 |     3 |     1 |       ||     5
Evoke: Wand              |       |       |     2 |     3 |    13 |       ||    18
       Fan of gales      |       |       |       |       |     2 |       ||     2
       Sack of spiders   |       |       |       |       |     1 |       ||     1
  Use: Potion            |       |     1 |     4 |     6 |    13 |     5 ||    29
       Scroll            |       |       |     4 |    27 |    17 |     3 ||    51
 Stab: Sleeping          |       |     1 |     2 |     8 |     4 |       ||    15
       Confused          |       |       |     2 |       |       |       ||     2
       Distracted        |       |       |     1 |     9 |     7 |       ||    17
       Invisible         |       |       |       |     7 |    11 |       ||    18
       Paralysed         |       |       |       |     7 |    32 |       ||    39
  Eat: Chunk             |    10 |    24 |    36 |    58 |   106 |       ||   234
       Ration            |       |       |       |       |       |     1 ||     1
Armor: Robe              |    34 |   102 |   113 |    52 |       |       ||   301
       Troll leather arm |       |       |       |   150 |   270 |       ||   420
       Fire dragon scale |       |       |       |       |   347 |     8 ||   355
       Skin              |       |       |       |       |       |     1 ||     1
Dodge: Dodged            |    49 |   150 |   115 |   254 |   736 |    14 ||  1318
Block: Large shield      |       |       |   188 |   227 |       |       ||   415

Table legend:
 A = Non-vault XP
 B = Vault XP
 C = Vault XP percentage of total XP
 D = Non-vault monster count
 E = Vault monster count
 F = Vault count percentage of total count
                 A         B        C        D         E       F
            +---------+---------+-------+---------+---------+-------
      Total |   93938 |   67534 |  41.8 |     565 |     312 |  35.6
            +---------+---------+-------+---------+---------+-------
        D:1 |      34 |       0 |   0.0 |      16 |       0 |   0.0
        D:2 |     109 |       6 |   5.2 |      27 |       3 |  10.0
        D:3 |      90 |       5 |   5.3 |      26 |       3 |  10.3
        D:4 |      82 |     316 |  79.4 |      10 |       8 |  44.4
        D:5 |     631 |     476 |  43.0 |      14 |       2 |  12.5
        D:6 |    1060 |       0 |   0.0 |      27 |       0 |   0.0
        D:7 |    1677 |    1421 |  45.9 |      38 |       2 |   5.0
        D:8 |    2050 |     201 |   8.9 |      22 |       1 |   4.3
        D:9 |    2335 |       0 |   0.0 |      21 |       0 |   0.0
       D:10 |    2433 |    2677 |  52.4 |      19 |      12 |  38.7
       D:11 |    3063 |     669 |  17.9 |      30 |       4 |  11.8
       D:12 |    2705 |    2688 |  49.8 |      30 |       7 |  18.9
       D:13 |    7472 |    2592 |  25.8 |      28 |       4 |  12.5
       D:14 |    8459 |   12396 |  59.4 |      29 |      52 |  64.2
       D:15 |    5532 |    3166 |  36.4 |      19 |       3 |  13.6
     Lair:1 |    1438 |       0 |   0.0 |       9 |       0 |   0.0
     Lair:2 |    3060 |       0 |   0.0 |      10 |       0 |   0.0
     Lair:3 |    2606 |    6193 |  70.4 |      11 |      17 |  60.7
     Lair:4 |    7583 |    2646 |  25.9 |      14 |      11 |  44.0
     Lair:5 |    4721 |       0 |   0.0 |      14 |       0 |   0.0
     Lair:6 |   10404 |   16420 |  61.2 |      36 |      72 |  66.7
      Orc:1 |    2618 |       0 |   0.0 |      32 |       0 |   0.0
      Orc:2 |    2250 |    6610 |  74.6 |      24 |      40 |  62.5
    Abyss:2 |   14415 |       0 |   0.0 |      30 |       0 |   0.0
    Abyss:3 |    7111 |    4898 |  40.8 |      29 |       3 |   9.4
      Sewer |       0 |     438 | 100.0 |       0 |      24 | 100.0
    Ossuary |       0 |     322 | 100.0 |       0 |      15 | 100.0
     Bailey |       0 |    2451 | 100.0 |       0 |      26 | 100.0
    Volcano |       0 |     943 | 100.0 |       0 |       3 | 100.0
            +---------+---------+-------+---------+---------+-------
